 Dungeon Crawl Stone Soup version 0.31.0-9-g3a7656b989 (webtiles) character file.

Game seed: 2531772860803149738

697 qw the Shooter (level 7, 0/35 HPs)
             Began as a Spriggan Hunter on Feb 2, 2024.
             Slain by Dowan
             ... wielding a +0 dagger
              (6 damage)
             ... on level 5 of the Dungeon.
             The game lasted 00:00:11 (2827 turns).

qw the Shooter (Spriggan Hunter)                    Turns: 2827, Time: 00:00:11

Health: 0/35       AC:  2    Str:  7    XL:     7   Next: 38%
Magic:  8/8        EV: 22    Int: 10    God:
Gold:   248        SH:  0    Dex: 21    Spells: 6/6 levels left

rFire   . . .        a - +0 shortbow (flame)
rCold   . . .        (shield currently unavailable)
rNeg    . . .        c - +0 robe
rPois   +            (helmet restricted)
rElec   .            (no cloak)
rCorr   .            (gloves unavailable)
SInv    +            (boots unavailable)
Will    +....        (no amulet)
Stlth   ++           f - ring of poison resistance
HPRegen 0.25/turn    (no ring)
MPRegen 0.11/turn

%: no passive effects
@: very quick
A: very small, no large weapons, unfitting armour, see invisible, speed 3
a: no special abilities


You were on level 5 of the Dungeon.
You visited 1 branch of the dungeon, and saw 5 of its levels.

You collected 248 gold pieces.


Innate Abilities, Weirdness & Mutations

You are very small and have problems with some larger weapons.
You are too small for most types of armour.
You have supernaturally acute eyesight. (SInv)
You cover ground extremely quickly. (Speed+++)


   Skills:
 - Level 2.0 Fighting
 + Level 7.4 Ranged Weapons
 - Level 7.0 Dodging
 - Level 1.5 Stealth


You had 6 spell levels left.
You didn't know any spells.
Your spell library was empty.

Inventory:

Hand Weapons
 a - a +0 shortbow of flaming (weapon)
Armour
 c - a +0 robe (worn)
Jewellery
 f - a ring of poison resistance (left hand)
Wands
 h - a wand of quicksilver (5)
 i - a wand of charming (5)
Scrolls
 j - 2 scrolls of teleportation
Potions
 b - 2 potions of heal wounds
 d - 2 potions of resistance
 g - a potion of cancellation
 k - 2 potions of curing
 l - a potion of enlightenment {unknown}

Dungeon Overview and Level Annotations

Branches:
Dungeon (5/15)
 Temple: D:4-7

Altars:

Shops:
D:1 (   D:3 (

Annotations:
D:5 Dowan, Duvessa


Message History

The arrow hits Duvessa but does no damage.
You shoot an arrow.
The arrow hits Duvessa but does no damage.
Dowan gestures at Duvessa while chanting.
Duvessa seems to speed up.
2819 ||| ZAPPING wand of quicksilver (6) at 4,1 (Duvessa; floor).
Aiming: Quicksilver Bolt
Press: ? - help, Q - select action, (/) - cycle Shift-Dir - straight line, f/p - Duvessa The bolt of dispelling energy hits Duvessa!
Duvessa is moderately wounded.
Duvessa's magical effects unravel!
You shoot an arrow. The arrow hits Duvessa!
The arrow burns Duvessa.
Duvessa is heavily wounded.
You shoot an arrow. The arrow closely misses Duvessa.
The arrow hits Dowan.
The arrow burns Dowan.
Dowan is lightly wounded.
Dowan says, "My weaknesses are her strengths!"
You shoot an arrow. The arrow closely misses Duvessa.
The arrow hits Dowan.
The arrow burns Dowan.
Dowan is moderately wounded.
Duvessa says, "My weaknesses are his strengths!"
Duvessa misses you.
You shoot an arrow.
The arrow hits Duvessa but does no damage.
Duvessa is heavily wounded.
You shoot an arrow. The arrow hits Duvessa.
The arrow burns Duvessa.
Duvessa is severely wounded.
Duvessa misses you. Dowan hits you with a +0 dagger!
You shoot an arrow.
The arrow hits Duvessa but does no damage.
Duvessa is severely wounded.
Duvessa hits you but does no damage. Dowan hits you with a +0 dagger.
You shoot an arrow.
The arrow hits Duvessa but does no damage.
Duvessa is severely wounded.
Duvessa hits you with a +0 short sword. Dowan hits you with a +0 dagger.
You shoot an arrow. The arrow hits Duvessa.
The arrow burns Duvessa.
Duvessa is severely wounded.
Duvessa hits you with a +0 short sword! Dowan hits you with a +0 dagger.
You die...

###. .#... #####
....# ##...## ###
....# #.....#
#.##....##
#.....####.#.......
###...#....@e......
####........e.......
#.....#..)...######.
#....#.........#
##........##....#
##.......###....#
##....#....##......
##..........##....##
#......##...#


You could see Duvessa and Dowan.

Vanquished Creatures
  An ice beast (D:5)
  An ogre (D:4)
  A phantom (D:5)
  A scorpion (D:4)
  A bombardier beetle (D:4)
  2 hounds (D:4)
  2 jellies
  A sleepcap (D:4)
  An iguana (D:4)
  2 orc wizards
  Robin (D:4)
  3 adders
  A ribbon worm (D:3)
  A dart slug (D:3)
  15 orcs
  3 bats
  4 endoplasms
  3 giant cockroaches
  8 hobgoblins
  3 quokkas
  6 ball pythons
  A frilled lizard (D:1)
  13 goblins
  9 kobolds
  A rat (D:1)
85 creatures vanquished.

Notes
Turn   | Place    | Note
-------+----------+-------------------------------------------
     0 | D:1      | qw the Spriggan Hunter began the quest for the Orb.
     0 | D:1      | Reached XP level 1. HP: 10/10 MP: 2/2
     0 | D:1      | 0 ||| qw: Version: 0.3-a-155-g5e7d8dd
     0 | D:1      | 0 ||| qw: Game counter: 500
     0 | D:1      | 0 ||| qw: Melee chars always use a shield: true
     0 | D:1      | 0 ||| qw: God list: Okawaru
     0 | D:1      | 0 ||| qw: Allow faded altars: false
     0 | D:1      | 0 ||| qw: Do Orc after clearing Dungeon:15 true
     0 | D:1      | 0 ||| qw: Do second Lair branch before Depths: true
     0 | D:1      | 0 ||| qw: Lair rune preference: random
     0 | D:1      | 0 ||| qw: Goals: Normal
     0 | D:1      | 0 ||| PLANNING D:1-11
    52 | D:1      | Reached skill level 3 in Dodging
   211 | D:1      | Found Soasu's Antique Weapon Shop.
   290 | D:1      | Reached XP level 2. HP: 14/14 MP: 3/3
   671 | D:1      | 671 ||| READING 2 scrolls labelled PIZXIB OZXE.
   672 | D:1      | 672 ||| READING scroll labelled POAPTE BYAMU.
   673 | D:1      | 673 ||| DRINKING 2 fizzy white potions.
   674 | D:1      | 674 ||| DROPPING scroll of butterflies.
   675 | D:1      | 675 ||| DROPPING scroll of blinking.
   676 | D:1      | 676 ||| DROPPING potion of degeneration.
   863 | D:2      | Reached XP level 3. HP: 18/18 MP: 4/4
  1436 | D:2      | 1436 ||| UPGRADING to ring of poison resistance.
  1437 | D:2      | 1437 ||| READING scroll labelled JOQAYN ZAAD.
  1441 | D:2      | 1441 ||| READING scroll labelled EXTEF VUOSH.
  1441 | D:2      | 1441 ||| ENCHANTING +0 shortbow.
  1442 | D:2      | 1442 ||| DRINKING 3 inky potions.
  1443 | D:2      | 1443 ||| DRINKING 2 coppery potions.
  1477 | D:3      | 1477 ||| DRINKING clear potion.
  1489 | D:3      | Reached XP level 4. HP: 22/22 MP: 5/5
  1774 | D:3      | Found Heodausk's Weapon Shoppe.
  1837 | D:3      | 1837 ||| READING 3 scrolls labelled MULO YXAE.
  1837 | D:3      | 1837 ||| IDENTIFYING fizzy green potion
  1838 | D:3      | 1838 ||| READING 2 scrolls of identify.
  1838 | D:3      | 1838 ||| IDENTIFYING 2 murky red potions
  1839 | D:3      | 1839 ||| READING scroll of identify.
  1839 | D:3      | 1839 ||| IDENTIFYING scroll labelled INWEDANNUR
  1840 | D:3      | 1840 ||| READING scroll of brand weapon.
  1840 | D:3      | 1840 ||| BRANDING +0 shortbow.
  1841 | D:3      | 1841 ||| DROPPING potion of magic.
  1846 | D:4      | 1846 ||| STAIRDANCE
  1854 | D:4      | Reached XP level 5. HP: 26/26 MP: 6/6
  1976 | D:4      | Reached skill level 6 in Ranged Weapons
  2068 | D:4      | Noticed an ogre
  2069 | D:4      | 2069 ||| DRINKING potion of haste.
  2076 | D:4      | Killed an ogre
  2077 | D:4      | Reached skill level 6 in Dodging
  2077 | D:4      | Reached XP level 6. HP: 30/30 MP: 7/7
  2502 | D:4      | Reached XP level 7. HP: 35/35 MP: 8/8
  2503 | D:4      | Noticed Robin
  2517 | D:4      | Killed Robin
  2519 | D:4      | 2519 ||| FLEEEEING.
  2520 | D:4      | 2520 ||| FLEEEEING.
  2521 | D:4      | 2521 ||| FLEEEEING.
  2522 | D:4      | 2522 ||| FLEEEEING.
  2523 | D:4      | 2523 ||| FLEEEEING.
  2524 | D:4      | 2524 ||| FLEEEEING.
  2525 | D:4      | 2525 ||| FLEEEEING.
  2526 | D:4      | 2526 ||| FLEEEEING.
  2527 | D:4      | 2527 ||| FLEEEEING.
  2731 | D:4      | 2731 ||| READING scroll of identify.
  2731 | D:4      | 2731 ||| IDENTIFYING silvery potion
  2754 | D:5      | Entered Level 5 of the Dungeon
  2816 | D:5      | Noticed Duvessa
  2816 | D:5      | Noticed Dowan
  2819 | D:5      | 2819 ||| ZAPPING wand of quicksilver (6) at 4,1 (Duvessa;
                  | floor).
  2827 | D:5      | HP: 6/35 [Duvessa/+0 short sword (8)]
  2827 | D:5      | Slain by Dowan

Levels and vault maps discovered:
D:1:      roderic_octagonal_star, layout_loops_cross, serial_shops, shop
D:2:      layout_basic
D:3:      layout_basic, serial_shops, nicolae_shop_pleasant_corner_grove,
          eino_tiny_chamber
D:4:      layout_rooms, chequers_serial_rivers_large_a, uniq_robin
D:5:      layout_cave_pools, mainiacjoe_overflow_alcove_2, uniq_duvessa,
          uniq_prince_ribbit1

Skill      XL: |  1  2  3  4  5  6  7 |
---------------+----------------------+-----
Dodging        | 3 4 5 6 7 |  7.0
Ranged Weapons | 5 6 7 |  7.4
Fighting       | 2 |  2.0
Stealth        | |  1.5

Action                     |  1- 3 |  4- 6 |  7- 9 || total
---------------------------+-------+-------+-------++-------
   Fire: Shortbow          |    66 |   139 |    50 ||   255
  Evoke: Wand              |       |       |     1 ||     1
    Use: Scroll            |     4 |     4 |     1 ||     9
         Potion            |     4 |     1 |       ||     5
 Armour: Robe              |     1 |    18 |    11 ||    30
  Dodge: Dodged            |    10 |    61 |    23 ||    94

Table legend:
 A = Non-vault XP
 B = Vault XP
 C = Vault XP percentage of total XP
 D = Non-vault monster count
 E = Vault monster count
 F = Vault count percentage of total count
                 A         B        C        D         E       F
            +---------+---------+-------+---------+---------+-------
      Total |     969 |      28 |   2.8 |      77 |       8 |   9.4
            +---------+---------+-------+---------+---------+-------
        D:1 |      21 |       0 |   0.0 |      14 |       0 |   0.0
        D:2 |      67 |       0 |   0.0 |      16 |       0 |   0.0
        D:3 |      93 |       0 |   0.0 |      20 |       0 |   0.0
        D:4 |     556 |      28 |   4.8 |      25 |       8 |  24.2
        D:5 |     232 |       0 |   0.0 |       2 |       0 |   0.0
            +---------+---------+-------+---------+---------+-------
